 Dungeon Crawl Stone Soup version 0.31-a0-771-g505c3d19dc (webtiles) character file.

Game seed: 6989002513867028163

1221 Demosthentine the Trooper (level 8, 0/62 HPs)
             Began as a Demonspawn Gladiator on Sept 16, 2023.
             Succumbed to a water moccasin's poison
             ... on level 6 of the Dungeon.
             The game lasted 00:06:34 (5370 turns).

Demosthentine the Trooper (Demonspawn Gladiator)    Turns: 5370, Time: 00:06:35

Health: 0/62       AC:  9    Str: 17    XL:     8   Next: 23%
Magic:  2/17       EV: 14    Int:  9    God:
Gold:   227        SH:  5    Dex: 15    Spells: 7/7 levels left

rFire   . . .        a - +1 trident
rCold   . . .        (no shield)
rNeg    . . .        d - +0 steam dragon scales
rPois   .            c - +1 helmet
rElec   .            (no cloak)
rCorr   .            (no gloves)
SInv    .            n - +0 pair of boots
Will    .....        k - amulet of reflection
Stlth   +            m - ring of magical power
HPRegen 0.30/turn    (no ring)
MPRegen 0.30/turn

%: reflection, guardian spirit
@: lethally poisoned (0 -> -3), invisible
A: magic shield, magic regeneration
a: no special abilities


You were on level 6 of the Dungeon.
You visited 1 branch of the dungeon, and saw 6 of its levels.
You also visited: Sewer.

You collected 227 gold pieces.

Inventory:

Hand Weapons
 a - a +1 trident (weapon)
Missiles
 e - a javelin
Armour
 c - a +1 helmet (worn)
 d - +0 steam dragon scales (worn)
 n - a +0 pair of boots (worn)
Jewellery
 k - an amulet of reflection (around neck)
 m - a ring of magical power (left hand)
Scrolls
 f - 2 scrolls of torment
 g - a scroll of fog
 j - 2 scrolls of teleportation
 l - a scroll of revelation
 o - a scroll of immolation
 t - a scroll of enchant armour
Potions
 i - a potion of mutation
 s - 4 potions of haste


   Skills:
 + Level 5.2 Fighting
 + Level 5.2 Polearms
 - Level 1.7 Throwing
 + Level 4.2 Armour
 + Level 5.2 Dodging


You had 7 spell levels left.
You didn't know any spells.
Your spell library contained the following spells:

 Spells                   Type           Power      Damage    Failure   Level
 Apportation              Tloc           0%         N/A       38%         1
 Jinxbite                 Hex            0%         N/A       52%         2
 Static Discharge         Conj/Air       0%         2-2/arc   52%         2
 Ignite Poison            Fire/Tmut/Pois 0%         N/A       77%         3
 Ozocubu's Armour         Ice            0%         N/A       77%         3
 Summon Guardian Golem    Hex/Summ       0%         N/A       77%         3
 Airstrike                Air            0%         2d(0-16)  99%         4
 Sticky Flame             Conj/Fire      0%         2d3       99%         4
 Summon Lightning Spire   Summ/Air       0%         N/A       99%         4
 Alistair's Intoxication  Tmut/Pois      0%         N/A       100%        5
 Metabolic Englaciation   Hex/Ice        0%         N/A       100%        5
 Simulacrum               Ice/Necr       0%         N/A       100%        6
 Orb of Destruction       Conj           0%         9d5       100%        7
 Spellforged Servitor     Conj/Summ      0%         N/A       100%        7
 Ignition                 Fire           0%         3d3       100%        8


Dungeon Overview and Level Annotations

Branches:
Dungeon (6/15)              Sewer (visited)
 Temple: D:4-7

Altars:
Cheibriados
Qazlal

Shops:
D:5 *


Innate Abilities, Weirdness & Mutations

When hurt, damage is shared between your health and your magic reserves.
You regenerate magic rapidly.


Message History

You hit the water moccasin.
The water moccasin is almost dead.
You feel very sick.
The water moccasin bites you but does no damage.
The water moccasin barely misses you.
You are too injured to fight recklessly!
You are too injured to fight recklessly!
You are too injured to fight recklessly!
You puncture the water moccasin!
You kill the water moccasin!
You feel very sick.
You hit the ice beast but do no damage.
You feel very sick. The ice beast hits you. The ice beast freezes you.
The ice beast hits you but does no damage.
You barely miss the ice beast.
You feel sick.
The ice beast hits you but does no damage.
You hit the ice beast but do no damage.
You feel sick. The ice beast hits you.
* * * LOW HITPOINT WARNING * * *
The ice beast freezes you!
* * * LOW HITPOINT WARNING * * *
You barely miss the ice beast.
You feel sick. The ice beast hits you.
* * * LOW HITPOINT WARNING * * *
The ice beast freezes you!
* * * LOW HITPOINT WARNING * * *
Unknown command.
It was a potion of invisibility.
You fade into invisibility!
* * * LOW HITPOINT WARNING * * *
You feel sick.
The ice beast hits you but does no damage.
Unknown command.
You strike the helpless ice beast from behind!
You puncture the ice beast!
The ice beast is moderately wounded.
* * * LOW HITPOINT WARNING * * *
You feel sick. The ice beast closely misses you.
You hit the ice beast.
The ice beast is moderately wounded.
You die...

#.#
#.#
#.#
#.#
#.#
#.#
#.#
#Y#
#@#
###


You could see an ice beast (unable to see you).

Vanquished Creatures
  2 steam dragons (D:5)
  2 water moccasins
  2 ogres
  A phantom (D:5)
  A scorpion (D:5)
  3 hounds (D:5)
  A gnoll bouda (D:5)
  A jelly (D:6)
  Terence (D:2)
  Natasha (thrice) (D:4)
  8 adders
  4 gnolls (D:5)
  An ufetubus (D:5)
  5 worms (D:4)
  2 dart slugs
  2 orcs
  9 ball pythons
  4 endoplasms
  6 giant cockroaches
  3 goblins (D:1)
  6 hobgoblins
  10 jackals
  5 quokkas
  3 bats
  6 frilled lizards
  5 kobolds
  7 rats
103 creatures vanquished.

Notes
Turn   | Place    | Note
-------+----------+-------------------------------------------
     0 | D:1      | Demosthentine the Demonspawn Gladiator began the quest for
                  | the Orb.
     0 | D:1      | Reached XP level 1. HP: 16/16 MP: 1/1
   118 | D:1      | Gained mutation: You regenerate magic rapidly. [demonic
                  | ancestry]
   118 | D:1      | Reached XP level 2. HP: 17/22 MP: 2/2
   262 | D:1      | Found a faded altar of an unknown god.
   573 | D:1      | Reached skill level 1 in Armour
   638 | D:1      | Reached XP level 3. HP: 28/28 MP: 3/3
  1205 | D:2      | Found Vusatoewn's Antique Weapon Shop.
  1413 | D:2      | Reached XP level 4. HP: 33/34 MP: 4/4
  1469 | D:2      | Noticed Terence
  1489 | D:2      | Killed Terence
  2414 | D:3      | Found a stormy altar of Qazlal.
  2552 | D:3      | Gained mutation: When hurt, damage is shared between your
                  | health and your magic reserves. [demonic ancestry]
  2552 | D:3      | Reached XP level 5. HP: 41/41 MP: 5/5
  2836 | D:4      | Noticed an ogre
  2856 | D:4      | Noticed Natasha
  2868 | D:4      | Killed Natasha
  2887 | D:4      | Killed an ogre
  2888 | D:4      | Reached XP level 6. HP: 9/47 MP: 2/6
  2975 | D:4      | Found a snail-covered altar of Cheibriados.
  2989 | D:4      | Noticed Natasha
  2997 | D:4      | Killed Natasha
  3003 | D:4      | Noticed Natasha
  3025 | D:4      | Killed Natasha
  3026 | D:4      | HP: 2/48 [kobold/+1 short sword of protection (2)]
  3054 | D:4      | Found a glowing drain.
  3090 | Sewer    | Entered a sewer
  3252 | Sewer    | Noticed a water moccasin
  3269 | Sewer    | Killed a water moccasin
  3576 | D:5      | Entered Level 5 of the Dungeon
  3587 | D:5      | Reached XP level 7. HP: 24/54 MP: 3/7
  3798 | D:5      | Found Zin's Purification Station.
  3875 | D:5      | Noticed a steam dragon
  4003 | D:5      | Killed a steam dragon
  4807 | D:5      | Noticed a steam dragon
  4824 | D:5      | Killed a steam dragon
  5044 | D:5      | Reached skill level 5 in Polearms
  5075 | D:5      | Reached skill level 5 in Fighting
  5075 | D:5      | Reached skill level 5 in Dodging
  5075 | D:5      | Reached XP level 8. HP: 42/62 MP: 8/8
  5367 | D:6      | HP: 2/62 [ice beast (4)]
  5370 | D:6      | Succumbed to a water moccasin's poison

Illustrated notes

Levels and vault maps discovered:
D:1:      saegor_arrival_simple_c, layout_loops_cross, basic_ecumenical_altar
D:2:      layout_basic, serial_shops, nicolae_shop_tiny_glass, uniq_terence
D:3:      layout_loops_ring, general_overflow_altar
D:4:      layout_cave_pools, slow_altar_2, cheibrodos_sewer_entry_bend,
          uniq_natasha
D:5:      kennysheep_steamy, layout_basic, zin_purify
D:6:      layout_basic, mainiacjoe_overflow_brackets

Skill      XL: |  1  2  3  4  5  6  7 |
---------------+----------------------+-----
Dodging        | 3 4 5 |  5.2
Polearms       | 3 4 5 |  5.2
Armour         | 1 2 3 4 |  4.2
Fighting       | 3 4 5 |  5.2
Throwing       | |  1.7

Action                     |  1- 3 |  4- 6 |  7- 9 || total
---------------------------+-------+-------+-------++-------
  Melee: Trident           |   131 |   215 |   150 ||   496
         Punch             |       |       |     1 ||     1
  Throw: Throwing net      |       |     3 |       ||     3
    Use: Scroll            |     4 |     8 |     1 ||    13
         Potion            |       |     2 |     3 ||     5
   Stab: Sleeping          |     1 |     3 |     1 ||     5
         Held in net/web   |       |     1 |       ||     1
         Invisible         |       |       |     1 ||     1
 Armour: Leather armour    |    71 |   104 |    63 ||   238
         Steam dragon scal |       |       |    37 ||    37
  Dodge: Dodged            |   103 |   127 |    97 ||   327
  Block: Other             |       |    22 |    39 ||    61
         Reflection        |       |     1 |       ||     1

Table legend: (Time is in decaauts)
 A = Elapsed time spent in this place.
 B = Non-inter-level travel time spent in this place.
 C = Inter-level travel time spent in this place.
 D = Time resting spent in this place.
 E = Time spent auto-exploring this place.
 F = Levels seen in this place.
 G = Mean time per level.
                   A        B        C        D        E       F      G
               +--------+--------+--------+--------+--------+-----+--------+
         Total |   5427 |   5281 |    146 |    168 |   3965 |   7 |  775.3 |
       Dungeon |   5166 |   5020 |    146 |     35 |   3890 |   6 |  861.0 |
         Sewer |    261 |    261 |      0 |    133 |     75 |   1 |  261.0 |
               +--------+--------+--------+--------+--------+-----+--------+

Top non-repeatable levels by time:
     D:5: 1634 daAuts
     D:2: 1003 daAuts
     D:1: 916 daAuts
     D:3: 813 daAuts
     D:4: 718 daAuts
   Sewer: 261 daAuts
     D:6: 78 daAuts
